 Dungeon Crawl Stone Soup version 0.26-a0-651-gb41185065b (webtiles) character file.

Game seed: 9697176613801463106

1380 Irenicus the Geomancer (level 8, -1/62 HPs)
             Began as a Deep Dwarf Earth Elementalist on Oct 6, 2020.
             Killed by divine providence
             ... invoked by an orc priest
              (15 damage)
             ... on level 5 of the Dungeon.
             The game lasted 00:13:10 (2721 turns).

Irenicus the Geomancer (DDEE)                       Turns: 2721, Time: 00:13:10

Health: -1/62      AC:  7    Str: 13    XL:     8   Next: 39%
Magic:  10/11      EV: 26    Int: 23    God:
Gold:   281        SH:  0    Dex: 13    Spells: 8/11 levels left

rFire    . . .     SeeInvis .   i - +1 whip (elec)
rCold    . . .     Faith    .   (no shield)
rNeg     . . .     Spirit   .   g - +0 ring mail
rPois    .         Reflect  .   (no helmet)
rElec    .         Harm     .   (no cloak)
rCorr    .         Rampage  .   (no gloves)
MR       +....                  e - +1 pair of boots
Stlth    +.........             n - amulet of the acrobat
HPRegen  0.00/turn              d - +6 ring of intelligence
MPRegen  0.12/turn              (no ring)

@: acrobat, non-regenerating
A: damage resistance, heal wounds, sense surroundings 1, no regeneration
a: Heal Wounds


You were on level 5 of the Dungeon.
You visited 1 branch of the dungeon, and saw 5 of its levels.

You collected 281 gold pieces.

Inventory:

Hand Weapons
 i - a +1 whip of electrocution (weapon)
   (You found it on level 1 of the Dungeon)
Missiles
 b - 55 stones (quivered)
Armour
 e - a +1 pair of boots (worn)
   (You found it on level 1 of the Dungeon)
 g - a +0 ring mail (worn)
   (You found it on level 1 of the Dungeon)
 h - a +0 buckler
   (You found it on level 2 of the Dungeon)
Jewellery
 d - a +6 ring of intelligence (left hand)
   (You found it on level 4 of the Dungeon)
 n - an amulet of the acrobat (around neck)
   (You found it on level 3 of the Dungeon)
Wands
 j - a wand of acid (8)
   (You found it on level 2 of the Dungeon)
 l - a wand of digging (3)
   (You took it off Pikel on level 4 of the Dungeon)
Scrolls
 c - 6 scrolls of identify
 k - a scroll of fear
 m - 2 scrolls of enchant armour
 o - 3 scrolls of random uselessness
Potions
 a - a potion of magic
 f - a potion of flight
 q - 2 potions of curing
 s - a potion of heal wounds {unknown}


   Skills:
 - Level 2.1 Dodging
 - Level 2.4 Stealth
 - Level 2.3 Spellcasting
 - Level 0.8 Transmutations
 + Level 13.3 Earth Magic


You had 8 spell levels left.
You knew the following spells:

 Your Spells              Type           Power        Failure   Level
a - Sandblast             Erth           ######       1%          1
w - Passwall              Tmut/Erth      #####...     2%          2

Your spell library contained the following spells:

 Spells                   Type           Power        Failure   Level
 Lee's Rapid Deconstruct  Erth           ######....   3%          5
 Stone Arrow              Conj/Erth      ####..       5%          3
 Petrify                  Tmut/Erth      #####...     16%         4


Dungeon Overview and Level Annotations

Branches:
Dungeon (5/15)
 Temple: D:4-7

Altars:
Ashenzari
Fedhas
Ru
Wu Jian
Xom


Innate Abilities, Weirdness & Mutations

You are resistant to damage.
You can heal yourself by infusing magical energy.
You passively map a small area around you.
You do not regenerate.


Message History

Really drop
r - a ring of teleportation {+/*tele, !d}? [Y]es or [N]o only, please.
Really drop
r - a ring of teleportation {+/*tele, !d}?
You remove your ring of attention.
You drop an uncursed ring of attention.
You remove your ring of teleportation {+/*tele, !d}.
You drop an uncursed ring of teleportation {+/*tele, !d}.
MP restored: 11 You feel clever.
d - a +6 ring of intelligence (left hand)
m - a scroll of enchant armour A giant cockroach comes into view.
A giant cockroach is nearby!
Casting: Sandblast (safe; 1% risk of failure)
Confirm with . or Enter, or press ? or * to list all spells.
Aiming: Sandblast (safe; 1% risk of failure)
Press: ? - help, Shift-Dir - straight line, f - giant cockroach
Aim: a giant cockroach The blast of sand hits the giant cockroach!
You kill the giant cockroach!
b - 59 stones You now have 10/11 mp.
You now have 271 gold pieces (gained 10).
An ogre comes into view. It is wielding a +0 giant club.
MP restored: 11 An ogre is nearby!
Casting: Sandblast (safe; 1% risk of failure)
Confirm with . or Enter, or press ? or * to list all spells.
Aiming: Sandblast (safe; 1% risk of failure)
Press: ? - help, Shift-Dir - straight line, f - ogre
Aim: an ogre, wielding a +0 giant club (asleep)
The blast of sand hits the ogre!!
The ogre is almost dead.
The ogre shouts!
b - 58 stones You now have 10/11 mp.
Casting: Sandblast (safe; 1% risk of failure)
Confirm with . or Enter, or press ? or * to list all spells.
Aiming: Sandblast (safe; 1% risk of failure)
Press: ? - help, Shift-Dir - straight line, f/p - ogre
Aim: an ogre, wielding a +0 giant club (almost dead)
The blast of sand hits the ogre!!
You kill the ogre!
Your Earth Magic skill increases to level 13!
b - 57 stones You now have 9/11 mp.
You see here a +0 giant club.
A bullfrog zombie comes into view.
You see here 10 gold pieces.
MP restored: 11 You now have 281 gold pieces (gained 10).
Casting: Sandblast (safe; 1% risk of failure)
Confirm with . or Enter, or press ? or * to list all spells.
You can't see any susceptible monsters within range! (Use Z to cast anyway.)
Casting: Sandblast (safe; 1% risk of failure)
Confirm with . or Enter, or press ? or * to list all spells.
Aiming: Sandblast (safe; 1% risk of failure)
Press: ? - help, Shift-Dir - straight line, f - bullfrog zombie
Aim: a bullfrog zombie The blast of sand hits the bullfrog zombie!!!
You destroy the bullfrog zombie!
b - 56 stones You now have 10/11 mp.
Casting: Sandblast (safe; 1% risk of failure)
Confirm with . or Enter, or press ? or * to list all spells.
You don't know that spell.
MP restored: 11 You enter the shallow water.
Moving in this stuff is going to be slow.
Casting: Sandblast (safe; 1% risk of failure)
Confirm with . or Enter, or press ? or * to list all spells.
Press: ? - help, Dir - move target cursor A rock wall.
You begin to meditate on the wall.
You continue meditating on the rock. x2
You finish merging with the rock.
An orc comes into view.
It is wielding a +0 falchion of electrocution.
You now have 9/11 mp.
The orc shouts!
You see here a scroll of enchant armour.
You see here a scroll of enchant armour.
m - 2 scrolls of enchant armour (gained 1)
Casting: Passwall (safe; 2% risk of failure)
Confirm with . or Enter, or press ? or * to list all spells.
Aiming: Sandblast (safe; 1% risk of failure)
Press: ? - help, Shift-Dir - straight line, f - orc
Aim: an orc, wielding a +0 falchion of electrocution and wearing a +0 chain mail The blast of sand hits the orc!
You kill the orc!
b - 55 stones You now have 9/11 mp.
Things that are here:
a +0 falchion of electrocution; a +0 chain mail; an orc corpse An orc priest comes into view.
It is wielding a +0 dagger.
The orc priest moves out of view.
You see here 16 sling bullets.
An orc wizard comes into view.
It is wielding a +0 dagger and wearing a +1 robe of magic resistance.
The orc priest shouts!
The orc priest invokes the aid of Beogh against you.
Beogh smites you!
You die...

* #. ....# .. ,
##.#....### , .......,
......... , , , ......#
*#.#....# * *
......####.#....########
, ,*
........................
...........#....##.....o
, ,
........................
...#.........)(.@.?...#
* ,
...#######.##..########
....PPP###..(..#######.≈
##..PP.≈≈#######≈.^...≈P
,
##...≈≈≈PPP.P...........
##............≈PP.P≈P^≈P
, ,
##..≈PPP≈.P.≈#########P.
, .....P######## #...#P
, ##.####. ,, , ,..#.##,
*


You could see an orc priest.

Vanquished Creatures
  Pikel (D:4)
  Sigmund (D:2)
  An ogre (D:5)
  Blork the orc (D:4)
  5 wights (D:2)
  A bullfrog zombie (D:5)
  A centaur skeleton (D:4)
  A hound (D:4)
  3 orc priests (D:4)
  An orc wizard (D:4)
  A worker ant (D:5)
  3 gnolls (D:3)
  5 adders
  An ooze (D:2)
  An adder skeleton (D:4)
  2 worms (D:2)
  2 dart slugs
  4 leopard geckos
  6 orcs
  3 ball pythons
  4 giant cockroaches
  5 goblins
  9 hobgoblins
  2 jackals (D:2)
  5 kobolds
  4 quokkas
  5 bats
  3 frilled lizards
  9 rats
90 creatures vanquished.

Notes
Turn   | Place    | Note
-------+----------+-------------------------------------------
     0 | D:1      | Irenicus the Deep Dwarf Earth Elementalist began the quest
                  | for the Orb.
     0 | D:1      | Reached XP level 1. HP: 15/15 MP: 3/3
    97 | D:1      | Reached skill level 2 in Spellcasting
   171 | D:1      | Reached XP level 2. HP: 17/22 MP: 3/5
   350 | D:1      | Learned a level 2 spell: Passwall
   516 | D:2      | Found a shimmering altar of Xom.
   598 | D:2      | Noticed a wight
   598 | D:2      | Noticed a wight
   598 | D:2      | Noticed a wight
   599 | D:2      | Noticed a wight
   599 | D:2      | Noticed a wight
   645 | D:2      | Reached skill level 5 in Earth Magic
   645 | D:2      | Reached XP level 3. HP: 13/28 MP: 0/6
   645 | D:2      | HP: 7/28 [wight/+2 scimitar of protection (6)]
   660 | D:2      | Reached skill level 6 in Earth Magic
   660 | D:2      | Reached XP level 4. HP: 9/36 MP: 1/7
   685 | D:2      | Reached skill level 7 in Earth Magic
   685 | D:2      | Reached XP level 5. HP: 20/42 MP: 1/8
   716 | D:2      | HP: 10/42 [jackal (2)]
   724 | D:2      | Noticed Sigmund
   734 | D:2      | Killed Sigmund
   734 | D:2      | Reached skill level 9 in Earth Magic
   734 | D:2      | Reached XP level 6. HP: 12/49 MP: 1/9
   938 | D:2      | Found a broken altar of Ashenzari.
  1013 | D:2      | HP: 10/49 [adder (2)]
  1348 | D:3      | HP: 9/49 [rat (1)]
  1477 | D:3      | HP: 5/49 [gnoll/+0 club (4)]
  1478 | D:3      | Reached skill level 10 in Earth Magic
  1639 | D:4      | Reached XP level 7. HP: 40/55 MP: 6/10
  1713 | D:4      | Noticed Pikel
  1745 | D:4      | HP: 2/55 [Pikel/+1 whip of electrocution (18)]
  1748 | D:4      | Killed Pikel
  1748 | D:4      | Reached skill level 12 in Earth Magic
  1748 | D:4      | Reached XP level 8. HP: 3/62 MP: 3/11
  1807 | D:4      | Noticed Blork the orc
  1808 | D:4      | HP: 14/62 [Blork the orc/puff of flame (3)]
  1809 | D:4      | Killed Blork the orc
  2036 | D:4      | Found a blossoming altar of Fedhas.
  2226 | D:4      | Found an ornate altar of the Wu Jian Council.
  2228 | D:4      | Found a sacrificial altar of Ru.
  2483 | D:5      | Entered Level 5 of the Dungeon
  2669 | D:5      | Reached skill level 13 in Earth Magic
  2721 | D:5      | Killed from afar by an orc priest

Illustrated notes

Levels and vault maps discovered:
D:1:      eino_arrival_tree_alley, layout_basic, fountainhead, minivault_23
D:2:      minmay_chambers_of_twos, layout_basic, lemuel_doored_altar,
          lemuel_tele_altar, uniq_sigmund
D:3:      layout_loops_ring
D:4:      layout_loops_corners, minitemple, uniq_blork_the_orc, uniq_pikel
D:5:      kennysheep_steamy, layout_basic, lemuel_crystal_altar,
          lemuel_coloured_pillars_altar, basic_altar

Skill      XL: |  1  2  3  4  5  6  7  8 |
---------------+-------------------------+-----
Spellcasting   | 2 |  2.3
Earth Magic    | 5 6 7 9 10 12 13 | 13.3
Dodging        | |  2.1
Stealth        | |  2.4
Transmutations | |  0.8

Action                   |  1- 3 |  4- 6 |  7- 9 || total
-------------------------+-------+-------+-------++-------
Melee: Club              |     3 |       |       ||     3
       Whip              |     4 |    58 |     7 ||    69
 Cast: Sandblast         |    29 |    55 |    33 ||   117
       Passwall          |     1 |     5 |     1 ||     7
 Abil: Heal Wounds       |       |     1 |     1 ||     2
  Use: Potion            |     2 |     1 |       ||     3
       Scroll            |       |     2 |     7 ||     9
 Stab: Sleeping          |       |     1 |       ||     1
Armor: Robe              |     1 |       |       ||     1
       Ring mail         |     3 |    11 |     1 ||    15
Dodge: Dodged            |    14 |    37 |     6 ||    57

Table legend: (Time is in decaauts)
 A = Elapsed time spent in this place.
 B = Non-inter-level travel time spent in this place.
 C = Inter-level travel time spent in this place.
 D = Time resting spent in this place.
 E = Time spent auto-exploring this place.
 F = Levels seen in this place.
 G = Mean time per level.
                   A        B        C        D        E       F      G
               +--------+--------+--------+--------+--------+-----+--------+
         Total |   2708 |   2666 |     42 |      0 |    530 |   5 |  541.6 |
       Dungeon |   2708 |   2666 |     42 |      0 |    530 |   5 |  541.6 |
               +--------+--------+--------+--------+--------+-----+--------+

Top non-repeatable levels by time:
     D:4: 847 daAuts
     D:2: 663 daAuts
     D:3: 508 daAuts
     D:1: 451 daAuts
     D:5: 236 daAuts

Table legend:
 A = Kills in this place as a percentage of kills in entire the game.
 B = Kills by you in this place as a percentage of kills by you in the entire game.
 C = Kills by friends in this place as a percentage of kills by friends in the entire game.
 D = Other kills in this place as a percentage of other kills in the entire game.
 E = Experience gained in this place as a percentage of experience gained in the entire game.
 F = Experience gained in this place divided by the number of levels of this place that you have seen.
                   A       B       C       D       E      F
               +-------+-------+-------+-------+-------+----------------------
         Total | 100.0 | 100.0 |   N/A |   N/A | 100.0 | 394.4
       Dungeon | 100.0 | 100.0 |   N/A |   N/A | 100.0 | 394.4
               +-------+-------+-------+-------+-------+----------------------
